 Dungeon Crawl Stone Soup version 0.28.0-47-ge53b351184 (webtiles) character file.

Game seed: 9572561535628731388

30 hawla the Ducker (level 3, -1/17 HPs)
             Began as a Felid Monk on May 7, 2022.
             Succumbed to Crazy Yiuf's poison
             ... on level 2 of the Dungeon.
             The game lasted 00:03:37 (2421 turns).

hawla the Ducker (Felid Monk)                       Turns: 2421, Time: 00:03:37

Health: -1/17      AC:  1    Str:  7    XL:     3   Next: 5%
Magic:  1/5        EV: 19    Int: 13    God:
Gold:   112        SH:  0    Dex: 18    Spells: 3/3 levels left
                                        Lives:  0   Deaths: 0

rFire   . . .      SeeInvis +     - Unarmed
rCold   . . .      Faith    .   (shield unavailable)
rNeg    . . .      Spirit   +   (armour unavailable)
rPois   .          Reflect  .   (helmet unavailable)
rElec   .          Harm     .   (cloak unavailable)
rCorr   .          Rampage  .   (gloves unavailable)
Will    .....                   (boots unavailable)
Stlth   +++.......              b - amulet of guardian spirit
HPRegen 0.05/turn               (no ring)
MPRegen 0.09/turn               (no ring)

@: lethally poisoned (-1 -> -21), quick
A: very small, claws 1, fangs 3, see invisible, speed 1, shaggy fur 1, stealthy
paws, no weapons or thrown items, no armour, multi-lived
a: no special abilities


You were on level 2 of the Dungeon.
You visited 1 branch of the dungeon, and saw 2 of its levels.

You collected 112 gold pieces.

Inventory:

Jewellery
 b - an amulet of guardian spirit (around neck)
Scrolls
 a - a scroll of identify {unknown}
 c - a scroll of immolation {unknown}
 d - a scroll of fear {unknown}
 e - a scroll of amnesia {unknown}
 f - a scroll of noise {unknown}
Potions
 g - a potion of berserk rage {unknown}
 h - a potion of degeneration {unknown}
 i - a potion of heal wounds {unknown}


   Skills:
 + Level 3.2 Fighting
 + Level 4.5 Dodging
 + Level 3.2 Stealth
 + Level 3.3 Unarmed Combat
 * Level 0.7 Spellcasting


You had 3 spell levels left.
You didn't know any spells.
Your spell library was empty.

Dungeon Overview and Level Annotations

Branches:
Dungeon (2/15)

Altars:

Annotations:
D:2 Crazy Yiuf, Sigmund


Innate Abilities, Weirdness & Mutations

You have sharp claws.
You have razor-sharp teeth.
You have supernaturally acute eyesight. (SInv)
You cover ground quickly. (Speed+)
You are covered in fur. (AC +1)
Your paws help you pounce on unaware monsters.
You are incapable of wielding weapons or throwing items.
You cannot wear armour.
You gain extra lives every three experience levels.


Message History

Sigmund is nearby!
Sigmund is nearby!
Sigmund shouts!
Sigmund mumbles some strange words.
Sigmund flickers and vanishes for a moment.
Sigmund is nearby!
Sigmund points at you and mumbles some strange words.
The magic dart hits you!
There is an open door here.
You close the door.
There is an open door here.
There is a stone staircase leading down here.
You close the door.
There is an open door here.
You close the door.
Search for what [? for help]? runed Crazy Yiuf shouts!
You start resting.
HP restored.
You open the door.
Crazy Yiuf grits, "Castle!
Whiteboard meccalolo cower."
You scratch Crazy Yiuf.
Crazy Yiuf is lightly wounded.
Crazy Yiuf laughs, "Hah!"
Crazy Yiuf misses you.
You closely miss Crazy Yiuf.
Crazy Yiuf is lightly wounded.
Crazy Yiuf sings, "Trees, trees, trees, circus!"
Crazy Yiuf closely misses you.
You scratch Crazy Yiuf but do no damage.
Crazy Yiuf is lightly wounded.
Crazy Yiuf grits, "Rot!"
Crazy Yiuf hits you with a +2 quarterstaff of chaos!
You resist with some effort.
You scratch Crazy Yiuf but do no damage.
Crazy Yiuf is lightly wounded.
Crazy Yiuf hits you with a +2 quarterstaff of chaos!
* * * LOW HITPOINT WARNING * * *
You are lethally poisoned!
You die...

....^.....#
##........#
..........#
#....####.#########
..........# ##..##
#..........
..........# #....#
#..........
..........###
#...## ##.........
..........'.# ##.##
#)...(.....
..........### #.##
##.........
..........# ##.#
#.........
####....##### #@##
#.........
............# ##.#
#.รท.......
####....##### #g#
#.........
####.....#### ...
#.........
...........)# #...#
#.########
########..### #..)#
#.# # #........#
##### #.# # #
#.####..##
#.######## ##
#.##.....# #####
#.........


You could see Crazy Yiuf.

Vanquished Creatures
  A worm (D:2)
  3 ball pythons
  3 bats
  3 endoplasms
  A giant cockroach (D:2)
  2 goblins (D:1)
  3 hobgoblins
  A quokka (D:2)
  A frilled lizard (D:1)
  2 kobolds (D:1)
  8 rats
28 creatures vanquished.

Vanquished Creatures (others)
  5 plants (D:2)
5 creatures vanquished.

Grand Total: 33 creatures vanquished

Notes
Turn   | Place    | Note
-------+----------+-------------------------------------------
     0 | D:1      | hawla the Felid Monk began the quest for the Orb.
     0 | D:1      | Reached XP level 1. HP: 10/10 MP: 2/2
   609 | D:1      | Reached XP level 2. HP: 7/14 MP: 3/3
  1526 | D:2      | Noticed Sigmund
  2030 | D:2      | Reached XP level 3. HP: 17/17 MP: 4/4
  2065 | D:2      | Found a runed translucent door.
  2066 | D:2      | Noticed Crazy Yiuf
  2195 | D:2      | Found a faded altar of an unknown god.
  2421 | D:2      | Succumbed to Crazy Yiuf's poison

Illustrated notes

Levels and vault maps discovered:
D:1:      minmay_arrival_widening_spiral_wide, layout_basic
D:2:      layout_basic, dilly_ecumenical_altar_fadedgnrine, uniq_sigmund,
          uniq_crazy_yiuf_cottage

Skill      XL: |  1  2 |
---------------+-------+-----
Stealth        | 3 |  3.2
Fighting       | |  3.2
Dodging        | |  4.5
Unarmed Combat | |  3.3
Spellcasting   | |  0.7

Action                   || total
-------------------------++-------
Melee: Unarmed           ||    65
       Bite              ||     4
 Stab: Sleeping          ||     7
       Distracted        ||     3
Armor: Skin              ||     1
Dodge: Dodged            ||    38
